General information
- name: BNet
- type: Ladder team game (AT/RT)
- host: Battle.net
- saver: BttrLuckNextTim
map: Mur'gulOasis
- players: 8
- length: 33:41
- speed: Fast
- version: 1.26 W3XP
- replay type: Public
» download(171 KB)
Players
team 1 (loser)
Orc.T (
red | 46 APM | 1546 actions | 33:40)
5 Death Knight
3 Death Coil
1 Unholy Aura
1 Death Pact
» actions
| Assign group hotkey | 23 | |
| Basic commands | 18 | |
| Build / train | 41 | |
| ESC pressed | 5 | |
| Enter build submenu | 22 | |
| Enter hero's abilities submenu | 5 | |
| Give item / drop item | 2 | |
| Right click | 866 | |
| Select / deselect | 365 | |
| Select group hotkey | 128 | |
| Use ability | 71 | |
1546 total
» units
| Acolyte | 7 | |
| Ghoul | 2 | |
| Crypt Fiend | 10 | |
| Gargoyle | 2 | |
| Obsidian Statue | 1 | |
22 total
» upgrades
| Creature Attack | 2 | |
| Creature Carapace | 2 | |
| Web | 1 | |
5 total
» buildings
| Crypt | 1 | |
| Graveyard | 2 | |
| Ziggurat | 5 | |
| Altar of Darkness | 1 | |
| Nerubian Tower | 1 | |
| Spirit Tower | 3 | |
| Halls of the Dead | 1 | |
| Tomb of Relics | 1 | |
| Black Citadel | 1 | |
| Slaughterhouse | 3 | |
19 total
» build order
00:10 Crypt
00:17 Graveyard
00:21 Graveyard
00:48 Ziggurat
01:01 Altar of Darkness
01:30 Ziggurat
02:18 Nerubian Tower
02:32 Spirit Tower
03:20 Halls of the Dead
03:55 Ziggurat
04:02 Ziggurat
05:31 Tomb of Relics
06:15 Ziggurat
06:40 Spirit Tower
08:17 Black Citadel
10:04 Slaughterhouse
10:05 Slaughterhouse
10:06 Slaughterhouse
10:55 Spirit Tower
» items
| Potion of Healing | 1 | |
| Dust of Appearance | 1 | |
2 total
CarlSagan420 (
pink | 32 APM | 374 actions | 11:40)
3 Archmage
2 Summon Water Elemental
1 Blizzard
» actions
| Basic commands | 20 | |
| Build / train | 39 | |
| Enter build submenu | 16 | |
| Enter hero's abilities submenu | 3 | |
| Remove unit from queue | 1 | |
| Right click | 133 | |
| Select / deselect | 132 | |
| Use ability | 30 | |
374 total
» units
| Peasant | 10 | |
| Footman | 10 | |
| Rifleman | 3 | |
23 total
» upgrades
| Masonry | 1 | |
| Defend | 1 | |
| Plating | 1 | |
| Swords | 1 | |
| Armor | 0 | |
4 total
» buildings
| Altar of Kings | 1 | |
| Farm | 7 | |
| Barracks | 2 | |
| Scout Tower | 3 | |
| Lumber Mill | 1 | |
| Arcane Tower | 3 | |
| Blacksmith | 1 | |
18 total
» build order
00:13 Altar of Kings
00:20 Farm
00:25 Farm
00:30 Barracks
00:41 Farm
01:49 Scout Tower
01:54 Lumber Mill
02:03 Farm
03:31 Arcane Tower
03:38 Blacksmith
03:42 Scout Tower
03:50 Farm
03:52 Farm
06:34 Arcane Tower
06:42 Farm
06:44 Scout Tower
07:35 Barracks
08:49 Arcane Tower
» items
| Boots of Speed | 1 | |
| Periapt of Vitality | 1 | |
| Scroll of Healing | 1 | |
| Potion of Lesser Invulnerability | 1 | |
4 total
TheRoninBob (
yellow | 54 APM | 1808 actions | 33:40)
7 Blademaster
3 Wind Walk
3 Critical Strike
1 Bladestorm
» actions
| Assign group hotkey | 173 | |
| Basic commands | 166 | |
| Build / train | 44 | |
| Enter build submenu | 28 | |
| Enter hero's abilities submenu | 7 | |
| Give item / drop item | 8 | |
| Right click | 797 | |
| Select / deselect | 239 | |
| Select group hotkey | 198 | |
| Use ability | 148 | |
1808 total
» units
| Peon | 8 | |
| Grunt | 4 | |
| Wind Rider | 3 | |
| Raider | 2 | |
17 total
» upgrades
| Armor | 3 | |
| Ranged Weapons | 1 | |
| Reinforced Defenses | 1 | |
| Melee Weapons | 2 | |
| Pillage | 1 | |
| Ensnare | 1 | |
9 total
» buildings
| Orc Burrow | 4 | |
| Altar of Storms | 1 | |
| Barracks | 1 | |
| Voodoo Lounge | 2 | |
| Stronghold | 3 | |
| War Mill | 1 | |
| Beastiary | 2 | |
| Fortress | 1 | |
| Watch Tower | 18 | |
| Great Hall | 2 | |
35 total
» build order
00:12 Orc Burrow
00:53 Altar of Storms
00:54 Barracks
01:08 Orc Burrow
01:52 Voodoo Lounge
02:49 Stronghold
02:49 Stronghold
04:11 War Mill
05:12 Beastiary
05:14 Beastiary
06:51 Orc Burrow
06:52 Orc Burrow
08:25 Fortress
11:12 Watch Tower
11:13 Watch Tower
11:15 Watch Tower
11:15 Watch Tower
11:16 Watch Tower
13:57 Great Hall
14:01 Watch Tower
14:01 Watch Tower
14:03 Voodoo Lounge
14:06 Watch Tower
14:07 Watch Tower
14:07 Watch Tower
14:08 Watch Tower
14:09 Watch Tower
14:09 Watch Tower
18:20 Great Hall
19:48 Watch Tower
19:49 Watch Tower
19:49 Watch Tower
19:51 Watch Tower
» items
| Healing Salve | 5 | |
| Scroll of Town Portal | 1 | |
6 total
FIERYGOWAHWAH (
orange | 46 APM | 1541 actions | 33:40)
6 Far Seer
3 Feral Spirit
2 Chain Lighting
1 Earth Quake
» actions
| Assign group hotkey | 90 | |
| Basic commands | 59 | |
| Build / train | 53 | |
| Enter build submenu | 22 | |
| Enter hero's abilities submenu | 6 | |
| Right click | 599 | |
| Select / deselect | 252 | |
| Select group hotkey | 329 | |
| Use ability | 131 | |
1541 total
» units
| Peon | 13 | |
| Wind Rider | 3 | |
| Troll Batrider | 1 | |
| Raider | 5 | |
22 total
» upgrades
| Ranged Weapons | 2 | |
| Reinforced Defenses | 1 | |
| Envenomed Spears | 1 | |
| Armor | 2 | |
| Ensnare | 1 | |
| Melee Weapons | 2 | |
| Pillage | 1 | |
10 total
» buildings
| Altar of Storms | 1 | |
| Orc Burrow | 7 | |
| War Mill | 1 | |
| Voodoo Lounge | 1 | |
| Watch Tower | 12 | |
| Stronghold | 2 | |
| Fortress | 3 | |
| Beastiary | 2 | |
| Great Hall | 1 | |
30 total
» build order
00:06 Altar of Storms
00:24 Orc Burrow
00:40 War Mill
01:31 Voodoo Lounge
01:56 Watch Tower
02:08 Watch Tower
02:36 Watch Tower
03:19 Stronghold
03:31 Orc Burrow
03:56 Orc Burrow
04:00 Watch Tower
05:03 Watch Tower
06:02 Fortress
06:03 Fortress
06:20 Beastiary
06:22 Beastiary
06:27 Orc Burrow
11:15 Orc Burrow
11:27 Watch Tower
11:28 Watch Tower
12:49 Great Hall
13:44 Watch Tower
13:45 Watch Tower
14:38 Watch Tower
14:39 Watch Tower
14:40 Watch Tower
14:47 Orc Burrow
16:19 Orc Burrow
» items
| Healing Salve | 2 | |
| Lesser Clarity Potion | 1 | |
| Staff of Teleportation | 1 | |
| Boots of Speed | 1 | |
| Potion of Lesser Invulnerability | 1 | |
| Potion of Mana | 2 | |
| Potion of Healing | 1 | |
9 total
team 2 (winner)
XxWizardFacexX (
green | 54 APM | 999 actions | 18:24)
3 Archmage
2 Summon Water Elemental
1 Brilliance Aura
3 Paladin
2 Holy Light
1 Divine Shield
2 Mountain King
1 Storm Bolt
1 Bash
» actions
| Assign group hotkey | 28 | |
| Build / train | 65 | |
| Enter build submenu | 15 | |
| Enter hero's abilities submenu | 8 | |
| Give item / drop item | 2 | |
| Remove unit from queue | 1 | |
| Right click | 355 | |
| Select / deselect | 182 | |
| Select group hotkey | 263 | |
| Use ability | 80 | |
999 total
» units
| Peasant | 10 | |
| Footman | 5 | |
| Flying Machine | 6 | |
| Siege Engine | 6 | |
27 total
» upgrades
| Masonry | 2 | |
| Defend | 1 | |
| Plating | 3 | |
| Swords | 1 | |
| Gunpowder | 3 | |
| Lumber Harvesting | 1 | |
| Flak Cannons | 1 | |
| Barrage | 1 | |
13 total
» buildings
| Farm | 12 | |
| Altar of Kings | 1 | |
| Barracks | 2 | |
| Lumber Mill | 1 | |
| Scout Tower | 6 | |
| Arcane Tower | 2 | |
| Guard Tower | 2 | |
| Arcane Vault | 1 | |
| Keep | 1 | |
| Blacksmith | 1 | |
| Castle | 1 | |
| Workshop | 2 | |
32 total
» build order
00:29 Farm
00:30 Farm
00:47 Altar of Kings
01:04 Barracks
01:33 Lumber Mill
02:04 Scout Tower
02:18 Farm
02:19 Farm
02:20 Farm
02:42 Arcane Tower
02:47 Scout Tower
03:16 Guard Tower
03:28 Arcane Vault
04:22 Keep
06:34 Blacksmith
06:51 Castle
07:00 Scout Tower
07:01 Scout Tower
07:07 Scout Tower
07:08 Scout Tower
07:39 Guard Tower
07:44 Barracks
08:37 Arcane Tower
08:43 Workshop
08:45 Workshop
11:27 Farm
11:28 Farm
17:31 Farm
17:33 Farm
17:34 Farm
17:35 Farm
» items
| Scroll of Regeneration | 2 | |
| Scroll of Town Portal | 1 | |
| Orb of Fire | 1 | |
| Periapt of Vitality | 1 | |
| Scroll of Healing | 1 | |
| Potion of Lesser Invulnerability | 1 | |
7 total

»
Sp[A]de (
teal | 15 APM | 339 actions | 22:21)
1 Lich
1 Frost Nova
1 Death Knight
1 Death Coil
1 Mountain King
1 Storm Bolt
» actions
| Assign group hotkey | 5 | |
| Basic commands | 2 | |
| Build / train | 33 | |
| Enter build submenu | 13 | |
| Enter hero's abilities submenu | 3 | |
| Right click | 157 | |
| Select / deselect | 86 | |
| Select group hotkey | 13 | |
| Use ability | 27 | |
339 total
» units
| Acolyte | 2 | |
| Ghoul | 5 | |
| Frost Wyrm | 1 | |
| Peon | 11 | |
19 total
» upgrades
| Creature Attack | 3 | |
| Creature Carapace | 2 | |
5 total
» buildings
| Altar of Darkness | 1 | |
| Ziggurat | 4 | |
| Crypt | 1 | |
| Graveyard | 1 | |
| Halls of the Dead | 1 | |
| Tomb of Relics | 1 | |
| Black Citadel | 1 | |
| Sacrificial Pit | 1 | |
| Boneyard | 2 | |
| Spirit Tower | 1 | |
14 total
» build order
00:26 Altar of Darkness
00:28 Ziggurat
00:36 Crypt
01:36 Graveyard
01:45 Ziggurat
03:04 Halls of the Dead
04:14 Tomb of Relics
05:36 Black Citadel
05:40 Sacrificial Pit
06:01 Ziggurat
06:12 Ziggurat
08:25 Boneyard
08:29 Boneyard
10:22 Spirit Tower

»
Gillman (
purple | 34 APM | 424 actions | 12:34)
2 Blademaster
1 Wind Walk
1 Critical Strike
» actions
| Basic commands | 1 | |
| Build / train | 32 | |
| Enter build submenu | 13 | |
| Enter hero's abilities submenu | 2 | |
| Right click | 218 | |
| Select / deselect | 113 | |
| Use ability | 45 | |
424 total
» units
| Peon | 7 | |
| Grunt | 8 | |
| Troll Batrider | 3 | |
| Wind Rider | 1 | |
19 total
» upgrades
| Spiked Barricades | 1 | |
| Ranged Weapons | 1 | |
2 total
» buildings
| Altar of Storms | 1 | |
| Orc Burrow | 3 | |
| War Mill | 1 | |
| Barracks | 1 | |
| Watch Tower | 3 | |
| Voodoo Lounge | 1 | |
| Stronghold | 1 | |
| Beastiary | 2 | |
| Fortress | 1 | |
14 total
» build order
00:14 Altar of Storms
00:28 Orc Burrow
00:43 War Mill
01:42 Barracks
02:00 Watch Tower
02:17 Voodoo Lounge
02:36 Orc Burrow
02:52 Watch Tower
04:19 Stronghold
04:49 Watch Tower
06:52 Beastiary
07:26 Beastiary
10:02 Fortress
11:07 Orc Burrow
» items
| Healing Salve | 1 | |
| Lesser Clarity Potion | 2 | |
| Boots of Speed | 1 | |
| Potion of Mana | 1 | |
| Potion of Healing | 1 | |
6 total
BttrLuckNextTim (
blue | 72 APM | 2414 actions | 33:41)
9 Archmage
3 Summon Water Elemental
3 Brilliance Aura
2 Blizzard
1 Mass Teleport
» actions
| Assign group hotkey | 81 | |
| Basic commands | 44 | |
| Build / train | 156 | |
| ESC pressed | 7 | |
| Enter build submenu | 41 | |
| Enter hero's abilities submenu | 9 | |
| Give item / drop item | 13 | |
| Right click | 912 | |
| Select / deselect | 359 | |
| Select group hotkey | 611 | |
| Use ability | 181 | |
2414 total
» units
| Peasant | 12 | |
| Footman | 5 | |
| Dragonhawk Rider | 7 | |
| Gryphon Rider | 5 | |
| Spell Breaker | 1 | |
| Knight | 1 | |
31 total
» upgrades
| Masonry | 3 | |
| Swords | 3 | |
| Armor | 3 | |
| Lumber Harvesting | 1 | |
| Animal War Training | 1 | |
| Cloud | 1 | |
| Sorceress Training | 2 | |
| Storm Hammers | 1 | |
| Magic Sentry | 1 | |
| Backpack | 1 | |
| Priest Training | 1 | |
| Plating | 1 | |
| Gunpowder | 1 | |
| Long Rifles | 1 | |
21 total
» buildings
| Altar of Kings | 1 | |
| Barracks | 1 | |
| Farm | 9 | |
| Lumber Mill | 1 | |
| Scout Tower | 18 | |
| Arcane Vault | 1 | |
| Keep | 1 | |
| Guard Tower | 35 | |
| Castle | 2 | |
| Gryphon Aviary | 2 | |
| Blacksmith | 1 | |
| Arcane Sanctum | 1 | |
| Town Hall | 2 | |
| Arcane Tower | 10 | |
85 total
» build order
00:39 Altar of Kings
00:42 Barracks
00:52 Farm
01:07 Farm
01:37 Lumber Mill
01:59 Farm
02:39 Farm
04:28 Scout Tower
04:30 Scout Tower
04:32 Scout Tower
04:40 Arcane Vault
04:42 Scout Tower
04:47 Scout Tower
05:13 Keep
05:16 Guard Tower
05:16 Guard Tower
05:28 Guard Tower
05:28 Guard Tower
05:30 Guard Tower
05:30 Guard Tower
05:30 Guard Tower
06:09 Guard Tower
06:09 Guard Tower
06:09 Guard Tower
07:47 Castle
07:47 Castle
07:53 Gryphon Aviary
07:54 Gryphon Aviary
08:37 Blacksmith
10:34 Guard Tower
10:34 Guard Tower
10:34 Guard Tower
10:42 Guard Tower
10:42 Guard Tower
10:43 Guard Tower
10:48 Farm
10:50 Farm
10:51 Farm
10:52 Farm
10:53 Farm
11:33 Scout Tower
11:34 Scout Tower
12:10 Guard Tower
12:11 Guard Tower
12:11 Guard Tower
16:44 Arcane Sanctum
21:28 Town Hall
25:19 Town Hall
30:08 Scout Tower
30:10 Scout Tower
30:13 Scout Tower
30:16 Scout Tower
30:18 Scout Tower
30:26 Scout Tower
30:28 Scout Tower
30:46 Scout Tower
30:48 Scout Tower
30:51 Scout Tower
30:54 Scout Tower
30:57 Arcane Tower
30:58 Arcane Tower
30:58 Arcane Tower
30:59 Arcane Tower
31:00 Arcane Tower
31:00 Arcane Tower
31:01 Guard Tower
31:01 Guard Tower
31:01 Guard Tower
31:13 Guard Tower
31:14 Guard Tower
31:14 Guard Tower
31:16 Guard Tower
31:17 Guard Tower
31:25 Guard Tower
31:25 Guard Tower
» items
| Staff of Teleportation | 1 | |
| Periapt of Vitality | 1 | |
| Scroll of Regeneration | 6 | |
| Mechanical Critter | 6 | |
| Scroll of Town Portal | 2 | |
| Ivory Tower | 4 | |
| Potion of Invisibility | 3 | |
| Tome of Retraining | 1 | |
| Potion of Lesser Invulnerability | 1 | |
| Lesser Clarity Potion | 1 | |
26 total
Chat log
(00:45 / Allies) Gillman: yo
(00:49 / Allies) BttrLuckNextTim: hi
(01:03 / All) FIERYGOWAHWAH: u are lagging green plz leave
(01:13 / All) Sp[A]de: melee
(01:16 / All) BttrLuckNextTim: lol
(01:17 / All) XxWizardFacexX: no duder gonna lag out if necessary
(01:34 / All) TheRoninBob: stop swallowing so much magical semen in your wizard face
(01:34 / All) Orc.T: idiot^
(01:37 / All) FIERYGOWAHWAH: what is a duder
(01:42 / All) TheRoninBob: it's interfering with the technology
(01:50 / All) FIERYGOWAHWAH: PATRIOTS GONNA RAPE SEAHAWKS
(01:56 / All) XxWizardFacexX: team nerd rage is you
(02:13 / All) FIERYGOWAHWAH: sherman is a thug
(02:19 / All) FIERYGOWAHWAH: lynch is a thug
(03:09 / Allies) BttrLuckNextTim: I don't need your lich bitch "helping" me creep"
(03:12 / Allies) BttrLuckNextTim: and stealing my Xp
(03:15 / Allies) BttrLuckNextTim: you little fucking faggot
(03:18 / Allies) Sp[A]de: WUTAAaa FAAAAG
(03:27 / All) BttrLuckNextTim: Teal wants to leech with a lvl 1 lich and no army
(03:30 / Allies) XxWizardFacexX: hahaha
(03:38 / All) XxWizardFacexX: so much nerd rage everywhere!
(03:58 / Allies) Sp[A]de: look wut im gonna do to u
(04:03 / All) TheRoninBob: most of it is coming off of you
(04:09 / Allies) BttrLuckNextTim: youare going to do nothing you are garbage
(04:12 / Allies) BttrLuckNextTim: and cant even creep without my help
(04:14 / All) FIERYGOWAHWAH: settle down gentlemn
(04:17 / All) XxWizardFacexX: nah duder im very high
(04:22 / Allies) Sp[A]de: watch watch
(04:25 / Allies) BttrLuckNextTim: you will attack my base, lose your whole army and leave
(04:33 / Allies) XxWizardFacexX: knock it off
(04:35 / Allies) Sp[A]de: wish
(04:36 / Allies) XxWizardFacexX: creep with me teal
(04:40 / All) Orc.T: spend some of that crack change on a better comp
(04:43 / All) Orc.T: fuckface
(04:55 / All) Sp[A]de: Blue Footmen am
(04:56 / All) XxWizardFacexX: lolol no
(04:59 / All) Orc.T: lol
(05:00 / All) Sp[A]de: Towering Hurry
(05:06 / All) BttrLuckNextTim: lmfao
(05:07 / All) Orc.T: smoking dirtscratch
(05:08 / All) XxWizardFacexX: my new comp doesnt run this game anymore
(05:10 / All) Orc.T: poooooor fool
(05:12 / All) BttrLuckNextTim: so mad you can't leech xp with a fucking level 1 lich
(05:17 / All) Sp[A]de: Far LEft On Map
(05:25 / All) BttrLuckNextTim: fucking retard
(05:35 / All) BttrLuckNextTim: kill yourself and uninstall teal
(05:43 / All) BttrLuckNextTim: you can't take slight hp damage as a warning to creep on your own
(05:46 / All) BttrLuckNextTim: so you sit level 1 in your base
(05:49 / All) BttrLuckNextTim: trying to tk instead
(05:50 / All) Sp[A]de: Watch when u expo
(05:52 / All) BttrLuckNextTim: you will fail miserably
(06:13 / All) TheRoninBob: god I did bad lel
(06:14 / All) BttrLuckNextTim: HAHAHAHA
(06:16 / All) BttrLuckNextTim: TEAL IS A WYRMBOT
(06:22 / All) BttrLuckNextTim: HE IS STRAIGHT TECHING TO WYRMS
(06:35 / All) Sp[A]de: Nice,,, u did more dmg,,,
(06:39 / All) Sp[A]de: I Told Him,,
(06:46 / All) Sp[A]de: WUUTTTTTAAAA FAAAAAAAAAAG
(06:53 / All) BttrLuckNextTim: the only fag is you
(06:56 / All) BttrLuckNextTim: you fucking level 1 retard
(06:57 / All) Sp[A]de: I have melee
(07:02 / All) BttrLuckNextTim: no
(07:04 / All) BttrLuckNextTim: you have a level 1 dk
(07:06 / All) BttrLuckNextTim: and level 1 lich
(07:08 / All) BttrLuckNextTim: and not 1 tower
(07:12 / All) BttrLuckNextTim: hit teal bot left outside
(07:13 / Allies) XxWizardFacexX: i think oj does bats fyi
(07:14 / Allies) Gillman: shit
(07:14 / All) BttrLuckNextTim: teching undead 0 towers
(07:16 / All) BttrLuckNextTim: 0 units
(07:17 / Allies) XxWizardFacexX: everyone make a few towers
(07:18 / All) BttrLuckNextTim: 2 heroes at level 1
(07:24 / All) BttrLuckNextTim: lmfao
(07:29 / All) BttrLuckNextTim: he is autofollowing green now
(07:39 / All) Sp[A]de: his a kid
(07:43 / All) Sp[A]de: its ok leave him
(09:03 / Allies) XxWizardFacexX: b to my towers teal
(09:30 / Allies) Sp[A]de: wood gold
(09:36 / Allies) Gillman: hero
(09:36 / Allies) BttrLuckNextTim: why give a tker gold
(09:47 / Allies) Sp[A]de: urrrrr a tker
(09:50 / Allies) BttrLuckNextTim: lol
(09:52 / Allies) Sp[A]de: u killed my hero almost
(09:56 / Allies) Sp[A]de: touch urself
(09:59 / Allies) Sp[A]de: ur little bean
(10:02 / Allies) Sp[A]de: little penis head
(10:03 / Allies) BttrLuckNextTim: because you tried to xp leech
(10:06 / Allies) BttrLuckNextTim: you god damned fucking retard
(10:06 / Allies) Sp[A]de: cunt bag
(10:08 / Allies) BttrLuckNextTim: get raped
(10:08 / Allies) Sp[A]de: waw
(10:12 / Allies) BttrLuckNextTim: nice tk
(10:15 / Allies) BttrLuckNextTim: "just watch"
(10:18 / Allies) BttrLuckNextTim: I'm watching you die
(10:25 / Allies) XxWizardFacexX: we have shit
(10:26 / All) TheRoninBob: lol
(10:37 / All) TheRoninBob: pink is terribad
(10:38 / All) BttrLuckNextTim: "just watch" teal said
(10:40 / All) BttrLuckNextTim: I'm watching him die
(10:53 / All) FIERYGOWAHWAH: DIE TEAL
(10:56 / All) TheRoninBob: blizzards allies and own troops
(11:24 / All) BttrLuckNextTim: purple is horrible
(11:27 / All) BttrLuckNextTim: he is being killed by 5 fiends
(12:01 / All) XxWizardFacexX: not what i expected
(12:08 / All) BttrLuckNextTim: my team sucks big time
(12:20 / All) FIERYGOWAHWAH: U ARE A GREAT PLAYER GREEN
(12:28 / All) XxWizardFacexX: ty
(12:57 / All) BttrLuckNextTim: you have a bit too many peasants on mine pink, I can fix it for you
(13:14 / All) Sp[A]de: blue couldnt even counter 2 wyrms
(13:22 / All) BttrLuckNextTim: lagging bitch
(13:25 / All) XxWizardFacexX: lololol
(13:42 / All) Sp[A]de: ur a fed
(14:13 / Allies) Sp[A]de: lol wanna talk here?
(14:21 / Allies) BttrLuckNextTim: shut the fuck up, leave the game and go kill yourself
(14:27 / Allies) Sp[A]de: u know u died right?
(14:34 / Allies) BttrLuckNextTim: no, you did, moron
(14:43 / Allies) BttrLuckNextTim: I have a base
(14:45 / Allies) BttrLuckNextTim: you don't
(14:48 / Allies) Sp[A]de: decapitations and examples and shit
(14:56 / Allies) BttrLuckNextTim: squelched, don't talk to your better like that
(15:13 / Allies) Sp[A]de: we gonna nuke u bafouns
(15:32 / Allies) Sp[A]de: little fedditerranean
(15:46 / All) XxWizardFacexX: noooooo
(15:48 / All) BttrLuckNextTim: moron red with everything on 1 hotkey
(15:50 / All) BttrLuckNextTim: lagging green
(15:51 / All) XxWizardFacexX: op cloes one
(15:53 / All) BttrLuckNextTim: little bitch teal
(15:56 / All) BttrLuckNextTim: scrub yellow
(15:59 / All) XxWizardFacexX: who mad?
(16:03 / All) XxWizardFacexX: yess!!! s
(16:03 / All) Orc.T: blue
(16:04 / Allies) Sp[A]de: u guys better win
(16:13 / All) BttrLuckNextTim: you're dead, bad idea talking to me like that
(16:22 / All) XxWizardFacexX: lol
(16:24 / All) Orc.T: cya crackhead
(16:24 / All) Sp[A]de: HOBOOOOOOOOOOOO
(16:25 / All) BttrLuckNextTim: AND TEAL WILL TK IF HE DROPS OUT
(16:26 / All) BttrLuckNextTim: UGH
(16:32 / All) Sp[A]de: Blue Hobo
(16:40 / All) Sp[A]de: hhahaha u saw me see him ?
(17:54 / All) Sp[A]de: Im Goiing for a Smoke
(18:06 / All) Sp[A]de: Im Gonna Go Spark a Spliff
(18:24 / All) BttrLuckNextTim: GREEN LAGGING SLUT
(18:25 / Allies) Sp[A]de: And I'm Watching u from Heaven
(19:18 / All) BttrLuckNextTim: Red you are my bitch
(19:28 / All) Orc.T: not in the slightest
(19:29 / All) Orc.T: but ok
(19:33 / All) Orc.T: as u lose the game
(19:35 / All) Orc.T: :S
(19:43 / All) BttrLuckNextTim: hahahahaha
(19:46 / All) BttrLuckNextTim: you fucking retard
(19:53 / All) BttrLuckNextTim: still haven't figured it out, you never will
(19:56 / All) FIERYGOWAHWAH: RED WTF
(20:00 / All) Sp[A]de: hes a pussy
(20:09 / Allies) Sp[A]de: ur a kid I saw
(20:15 / All) Sp[A]de: ur a kid I saw
(20:29 / All) Sp[A]de: Would Smack u fkn punch ur head
(20:42 / All) Sp[A]de: his controling green wrong .
(20:42 / All) FIERYGOWAHWAH: LAWL
(20:47 / All) FIERYGOWAHWAH: red dont like orc
(20:49 / All) FIERYGOWAHWAH: kodo #1
(20:56 / All) Sp[A]de: haunn hauun ,,, That was wut was so funny ,,
(21:02 / All) Sp[A]de: r u proud ?
(21:25 / All) Sp[A]de: Bue Murreded Tonight
(21:27 / All) Sp[A]de: At Hobo
(21:32 / All) Sp[A]de: Aight I Put My Cut
(21:36 / All) Sp[A]de: Imma Go Spark
(21:46 / All) FIERYGOWAHWAH: what is my cut
(21:52 / All) Sp[A]de: Nahh No Chance
(21:56 / All) Sp[A]de: Blue Sucks Dick
(22:01 / All) Sp[A]de: and drinks urin
(22:03 / All) Sp[A]de: hoser
(22:06 / All) Orc.T: can u just leave
(22:12 / All) Orc.T: these dumb orcs are not good at winning
(22:17 / All) Sp[A]de: Euhuhahaahaaaahahhhaaaaa More hosers
(22:23 / All) BttrLuckNextTim: lol
(22:26 / All) BttrLuckNextTim: you're my bitch
(22:34 / All) Orc.T: too smart
(22:36 / All) BttrLuckNextTim: our bitch
(22:50 / All) Orc.T: now go win for me....
(22:52 / All) Orc.T: lol
(23:00 / All) FIERYGOWAHWAH: i patrol on reds dk corpse
(23:02 / All) TheRoninBob: You might have noticed
(23:06 / All) TheRoninBob: there are three level 1s here
(23:13 / All) BttrLuckNextTim: he's a retard he will never notice that kind of thing
(23:22 / All) Orc.T: my bitches are taking soo long
(23:33 / All) Orc.T: at least they r free
(24:29 / All) TheRoninBob: too much world of warcraft rotting his brain
(24:41 / All) Orc.T: no one told u to talk
(24:42 / All) Orc.T: btich
(24:43 / All) Orc.T: just win
(24:45 / All) BttrLuckNextTim: lol
(24:52 / All) Orc.T: stupid orcs
(24:53 / All) FIERYGOWAHWAH: y is red angry at yellow and why did teal tk blue
(24:56 / All) Orc.T: never learn
(25:10 / All) BttrLuckNextTim: Teal tried to creep "with" me with his level 1 lich
(25:14 / All) BttrLuckNextTim: straight tech wyrmbot with 0 units
(25:20 / All) Orc.T: ewwww
(25:26 / All) Orc.T: as dumb as my nooob orcs
(25:34 / All) BttrLuckNextTim: as dumb as you
(25:43 / All) Orc.T: 3v1
(25:45 / All) Orc.T: get over yourself
(25:56 / All) BttrLuckNextTim: kill yourself
(26:05 / All) TheRoninBob: Rod, why don't you have the honor of telling red what he has won
(26:15 / All) Orc.T: cmon yellow
(26:26 / All) Orc.T: as you speak to yourself in third person
(26:30 / All) Orc.T: man these orcs are stuuuupid
(26:45 / All) FIERYGOWAHWAH: make i use quake on yellow bae
(26:49 / All) Orc.T: how do u fags get by
(26:50 / All) Orc.T: lol
(26:56 / All) Orc.T: make i use quake
(26:58 / All) Orc.T: well said retard
(27:01 / All) BttrLuckNextTim: Red
(27:01 / All) Orc.T: u must be an orc player
(27:04 / All) BttrLuckNextTim: You've won a free los
(27:08 / All) BttrLuckNextTim: courtesy of the wild bunch
(27:15 / All) FIERYGOWAHWAH: red are u angry at me?
(27:19 / All) Orc.T: wild = gay
(27:22 / All) Orc.T: dont kid yourself lol
(27:34 / All) TheRoninBob: Only in your dreams, kid
(27:37 / All) Orc.T: disgrace to warcraft players alike
(27:43 / All) Orc.T: frown at such retards
(27:49 / All) Orc.T: gl with that though
(28:10 / All) FIERYGOWAHWAH: LOVE TAP TIME
(28:12 / All) Orc.T: lol
(28:20 / All) BttrLuckNextTim: Red you are 15-12 now how does it feel?
(28:26 / All) BttrLuckNextTim: must be almost time for you to make a new account to start over again
(28:31 / All) Orc.T: feels like you have nothing to say
(28:40 / All) Orc.T: your all disgraces to warcaft players alike
(28:43 / All) Orc.T: get over yourselves
(28:46 / All) BttrLuckNextTim: 3 periapts is crazy on am
(28:46 / All) FIERYGOWAHWAH: Y
(28:48 / All) Orc.T: the joke is that i have to repeat myself
(28:51 / All) Orc.T: gl with that though
(28:52 / All) FIERYGOWAHWAH: red u never said if u were angry at me
(28:54 / All) FIERYGOWAHWAH: we are frineds
(29:22 / All) TheRoninBob: why are you so mad, red?
(29:27 / All) BttrLuckNextTim: yeah red you mad?
(29:29 / All) Orc.T: illiterates
(29:30 / All) Orc.T: weak
(29:34 / All) TheRoninBob: does your daddy touch y our nono zone?
(29:50 / All) BttrLuckNextTim: red is dumber than teal
(29:51 / All) Orc.T: u need some help
(30:10 / All) TheRoninBob: We should be kind to red
(30:13 / All) Orc.T: still leaves me above u 3
(30:17 / All) TheRoninBob: His dad molests him and he can't help it that he's broken
(30:29 / All) BttrLuckNextTim: Well
(30:29 / All) TheRoninBob: It's okay red
(30:33 / All) BttrLuckNextTim: If that's the cast I understand
(30:34 / All) TheRoninBob: We won't judge you
(30:41 / All) BttrLuckNextTim: not your fault you get touched that way son
(30:42 / All) Orc.T: why u ttrying lol
(30:43 / All) TheRoninBob: You're in a safe place with us
(30:52 / All) Orc.T: well thats juts the cast
(31:08 / All) Orc.T: troll noobs
(31:13 / All) TheRoninBob: Anything you wish to share with us?
(31:19 / All) Orc.T: lol
(31:21 / All) Orc.T: get on my lvl
(31:22 / All) Orc.T: plz
(31:22 / All) TheRoninBob: Let it all out
(31:29 / All) Orc.T: done with that
(31:31 / All) TheRoninBob: You have 3 shoulders to cry on
(31:33 / All) Orc.T: good try though troll
(31:36 / All) FIERYGOWAHWAH: i honestly dont even remember red getting units no idea how he died
(31:43 / All) BttrLuckNextTim: you can confess whatever you want to us, we already know your daddy touches you inappropriately after all
(31:47 / All) BttrLuckNextTim: your secrets are safe with us
(31:49 / All) Orc.T: your sholders are occupying eachothers thighs
(31:54 / All) Orc.T: so i cannot
(31:56 / All) Orc.T: gl though
(32:01 / All) BttrLuckNextTim: red had like 6 fiends all game
(32:04 / All) BttrLuckNextTim: then lost them somehow
(32:04 / All) TheRoninBob: Red don't be that way, you no longer have to front
(32:05 / All) Orc.T: u guys r soo hurt
(32:06 / All) TheRoninBob: We understand
(32:07 / All) Orc.T: get a life plz
(32:08 / All) Orc.T: lol
(32:09 / All) BttrLuckNextTim: and i killed him with 7 hawks and an am
(32:12 / All) Orc.T: you dont understand much
(32:17 / All) Orc.T: trust me
(32:21 / All) Orc.T: bad trolls
(32:22 / All) Orc.T: i win
(32:26 / All) Orc.T: lol
(32:33 / All) Orc.T: remain my bitches
(32:37 / All) TheRoninBob: your dad touches you inappropriately so you lash out at us
(32:38 / All) Orc.T: always
(32:40 / All) TheRoninBob: the ones that try to help you
(32:43 / All) Orc.T: get a new joke kid
(32:54 / All) Orc.T: bad trolls
(33:01 / All) Orc.T: stupid bitch dont know when hes lost :s
(33:05 / All) BttrLuckNextTim: ;s
(33:06 / All) BttrLuckNextTim: ;s
(33:08 / All) BttrLuckNextTim: ;s
(33:09 / All) BttrLuckNextTim: ;s
(33:23 / All) TheRoninBob: here red I'll let you handle a real man's hero
(33:26 / All) Orc.T: good fight though
(33:28 / All) Orc.T: really
(33:31 / All) TheRoninBob: Let's see what you can do with that